 Dungeon Crawl Stone Soup version 0.25.0-9-g26727b657a (webtiles) character file.

Game seed: 11210459074741127464

36 inmateoo the Vexing (level 3, -4/21 HPs)
             Began as a Kobold Arcane Marksman on June 18, 2020.
             Slain by an ogre
             ... wielding a +0 giant club
              (25 damage)
             ... on level 4 of the Dungeon.
             The game lasted 00:02:12 (975 turns).

inmateoo the Vexing (Kobold Arcane Marksman)         Turns: 975, Time: 00:02:12

Health: -4/21      AC:  4    Str:  7    XL:     3   Next: 57%
Magic:  3/5        EV: 14    Int: 14    God:
Gold:   128        SH:  4    Dex: 16    Spells: 2/5 levels left

rFire    . . .     SeeInvis .   a - +0 hand crossbow
rCold    . . .     Gourm    .   l - +0 buckler (curse)
rNeg     . . .     Faith    .   c - +0 leather armour
rPois    .         Spirit   .   g - +0 helmet
rElec    .         Reflect  .   (no cloak)
rCorr    +         Harm     .   (no gloves)
MR       .....                  (no boots)
Stlth    ++........             (no amulet)
HPRegen  0.07/turn              m - ring of resist corrosion
MPRegen  0.09/turn              (no ring)

@: very slightly contaminated
A: small, carnivore
a: no special abilities


You were on level 4 of the Dungeon.
You were not hungry.

You visited 1 branch of the dungeon, and saw 3 of its levels.

You collected 128 gold pieces.

Inventory:

Hand Weapons
 a - a +0 hand crossbow (weapon)
Missiles
 d - 8 bolts (quivered)
Armour
 c - a +0 leather armour (worn)
 g - a +0 helmet (worn)
 l - a cursed +0 buckler (worn)
Jewellery
 m - a ring of resist corrosion (left hand)
Scrolls
 b - 2 scrolls of identify {unknown}
 e - 2 scrolls of remove curse {unknown}
 h - a scroll of magic mapping {unknown}
Potions
 i - a potion of flight {unknown}
 j - a potion of heal wounds {unknown}
 k - a potion of might {unknown}
Comestibles
 f - 3 rations


   Skills:
 + Level 1.7 Fighting
 + Level 2.8 Crossbows
 + Level 2.9 Dodging
 + Level 1.0 Stealth
 + Level 0.0 Shields
 + Level 1.6 Spellcasting
 + Level 3.2 Hexes


You had 2 spell levels left.
You knew the following spells:

 Your Spells              Type           Power        Failure   Level  Hunger
a - Corona                Hex            ##.....      17%         1    ##.....
b - Slow                  Hex            ##......     26%         2    ###....

Your spell library contained the following spells:

 Spells                   Type           Power        Failure   Level  Hunger
 Inner Flame              Hex/Fire       #.......     67%         3    ####...
 Portal Projectile        Hex/Tloc       #.....       67%         3    ####...
 Cause Fear               Hex            ##........   86%         4    #####..
 Leda's Liquefaction      Hex/Erth       #.........   97%         4    #####..


Dungeon Overview and Level Annotations

Branches:
Dungeon (2/15)

Altars:


Innate Abilities, Weirdness & Mutations

You are small and have problems with some larger weapons.
You are carnivorous and can eat meat at any time.


Message History

You are very lightly contaminated with residual magic.
Nothing appears to happen.
Firing (i - inventory)
d - 11 bolts (quivered)
Press: ? - help, Shift-Dir - straight line, f/p - ogre
Aim: an ogre, wielding a +0 giant club You shoot a bolt.
The bolt barely misses the ogre.
Firing (i - inventory)
d - 10 bolts (quivered)
Press: ? - help, Shift-Dir - straight line, f/p - ogre
Aim: an ogre, wielding a +0 giant club You shoot a bolt.
The bolt hits the ogre.
The ogre is moderately wounded.
Firing (i - inventory)
d - 9 bolts (quivered)
Press: ? - help, Shift-Dir - straight line, f/p - ogre
Aim: an ogre, wielding a +0 giant club (moderately wounded)
You shoot a bolt.
The bolt hits the ogre but does no damage.
The ogre is moderately wounded.
The ogre hits you with a +0 giant club!!
Ouch! That really hurt!
You die...

###### ...(...
#########....
..........# # #
.......@..# .#.#
........O.##...#
##..####..#...#..
#. ###..(......
#...........
#%...........
..........#...#
#....##.....(##
#..##. #..>....


You could see an ogre.

Vanquished Creatures
  An adder (D:2)
  An adder zombie (D:2)
  2 dart slugs (D:1)
  A giant cockroach (D:1)
  2 goblins
  4 hobgoblins
  A kobold (D:1)
  A ball python skeleton (D:2)
  A bat (D:1)
  3 frilled lizards
  A jackal zombie (D:2)
  A leopard gecko skeleton (D:2)
  2 rats (D:1)
21 creatures vanquished.

Notes
Turn   | Place    | Note
-------+----------+-------------------------------------------
     0 | D:1      | inmateoo the Kobold Arcane Marksman began the quest for the
                  | Orb.
     0 | D:1      | Reached XP level 1. HP: 12/12 MP: 2/2
    85 | D:1      | Reached XP level 2. HP: 16/16 MP: 3/3
   864 | D:2      | Reached XP level 3. HP: 19/21 MP: 5/5
   879 | D:2      | Learned a level 2 spell: Slow
   959 | D:2      | Reached skill level 1 in Stealth
   965 | D:2      | You fall into a shaft and drop 2 floors!
   965 | D:4      | Noticed an ogre
   975 | D:4      | Slain by an ogre

Illustrated notes

Levels and vault maps discovered:
D:1:      onia_arrival_pentagram, layout_basic
D:2:      layout_basic, serial_undead, serial_undead_d, serial_undead_d,
          serial_undead_c, serial_undead_a, uniq_sigmund
D:4:      layout_rooms, yredelemnul_forgotten_temple_becter, first_ration,
          minmay_starry_boxes, uniq_duvessa, uniq_natasha

Skill      XL: |  1  2  3 |
---------------+----------+-----
Stealth        | 1 |  1.0
Fighting       | |  1.7
Crossbows      | |  2.8
Dodging        | |  2.9
Spellcasting   | |  1.6
Hexes          | |  3.2

Action                   || total
-------------------------++-------
 Fire: Hand crossbow     ||    51
 Cast: Corona            ||     3
Armor: Leather armour    ||     5
Dodge: Dodged            ||    12
Block: Buckler           ||     2
